 Dungeon Crawl Stone Soup version 0.20-a0-1058-g0491fde (webtiles) character file.

75 Alarkh the Skirmisher (level 4, -1/35 HPs)
             Began as a Demonspawn Fighter on Apr 26, 2017.
             Was a Follower of Trog.
             Slain by a gnoll
             ... wielding a +0 flail
              (8 damage)
             ... on level 3 of the Dungeon.
             The game lasted 00:01:44 (2163 turns).

Alarkh the Skirmisher (Demonspawn Fighter)          Turns: 2163, Time: 00:01:45

Health: -1/35      AC:  6    Str: 16    XL:     4   Next: 11%
Magic:  4/4        EV:  7    Int: 10    God:    Trog [*.....]
Gold:   86         SH: 13    Dex: 13    Spells: 3/3 levels left

rFire    . . .     SeeInvis .   a - +0 long sword
rCold    . . .     Gourm    .   c - +0 shield
rNeg     . . .     Faith    .   b - +0 scale mail
rPois    .         Spirit   .   (no helmet)
rElec    .         Reflect  .   (no cloak)
rCorr    .         Harm     .   (no gloves)
MR       .....                  (no boots)
Stlth    ..........             (no amulet)
Regen    0.2/turn               (no ring)
MPRegen  0.1/turn               (no ring)

@: no status effects
A: large bone plates 1, powered by death 1
a: Berserk, Burn Spellbooks, Renounce Religion


You were on level 3 of the Dungeon.
You worshipped Trog.
Trog was aware of your devotion.
You were not hungry.

You visited 1 branch of the dungeon, and saw 3 of its levels.

You collected 86 gold pieces.

Inventory:

Hand Weapons
 a - a +0 long sword (weapon)
Armour
 b - a +0 scale mail (worn)
 c - a +0 shield (worn)
Jewellery
 j - an uncursed amulet of magic regeneration {unknown}
 l - an uncursed amulet of regeneration {unknown}
Wands
 y - a wand of paralysis (7/24)
Scrolls
 e - a scroll of enchant armour {unknown}
 i - 2 scrolls of teleportation {unknown}
 k - a scroll of identify {unknown}
 m - a scroll of magic mapping {unknown}
 o - a scroll of fear {unknown}
 p - 5 scrolls of remove curse {unknown}
 r - 2 scrolls of recharging {unknown}
 s - 2 scrolls of amnesia {unknown}
 u - 2 scrolls of noise {unknown}
 v - a scroll of fog {unknown}
 x - a scroll of random uselessness {unknown}
Potions
 d - a potion of might
 g - a potion of brilliance {unknown}
 h - a potion of agility {unknown}
 w - a potion of haste {unknown}
Comestibles
 f - 2 bread rations
 n - a royal jelly
 q - a fruit
 t - a meat ration
 z - 12 chunks of flesh


   Skills:
 + Level 3.3 Fighting
 * Level 2.8 Long Blades
 + Level 3.0 Armour
 + Level 1.0 Dodging
 + Level 3.1 Shields


You had 3 spell levels left.
You didn't know any spells.

Dungeon Overview and Level Annotations

Branches:
Dungeon (3/15)

Altars:
Trog


Innate Abilities, Weirdness & Mutations

You are partially covered in large bone plates. (SH +4)
You regenerate a little health from kills.


Message History

The gnoll hits you from afar with an enchanted halberd!
* * * LOW HITPOINT WARNING * * *
The goblin barely misses you. You block the gnoll's attack.
You are too injured to fight recklessly!
You are too injured to fight recklessly!
You are too injured to fight recklessly!
You are too injured to fight recklessly!
You are too injured to fight recklessly!
You are too injured to fight recklessly!
You are too injured to fight recklessly!
You are too injured to fight recklessly!
You are too injured to fight recklessly!
You are too injured to fight recklessly!
There are monsters nearby!
Unknown command.
You see here a stone.
The goblin wields an uncursed hunting sling.
The goblin shoots a sling bullet.
You block the sling bullet. The gnoll hits you with a flail!
You die...

### ######.##
......#.##
.....###.#########
###...#.........(#
###.#..######(##.#
...>#.## #).(#.#
#####.# #..#..@##
# #.. ....###gg(#
# #..####. #g(g.#
# #..........#..#
##.#####..##..# ..
#.? #..# .... #..#
###. #..# .. ...#


You could see 3 gnolls and a goblin.

Vanquished Creatures
  An adder (D:3)
  A gnoll (D:1)
  A dart slug (D:1)
  3 leopard geckos
  2 bats
  5 goblins
  6 hobgoblins
  13 jackals
  5 kobolds
  6 frilled lizards
  2 rats (D:1)
45 creatures vanquished.

Notes
Turn   | Place    | Note
-------+----------+-------------------------------------------
     0 | D:1      | Alarkh the Demonspawn Fighter began the quest for the Orb.
     0 | D:1      | Reached XP level 1. HP: 18/18 MP: 1/1
     3 | D:1      | Noticed an electric eel
     3 | D:1      | Noticed an electric eel
   244 | D:1      | Gained mutation: You regenerate a little health from kills. [demonic ancestry]
   244 | D:1      | Reached XP level 2. HP: 16/24 MP: 2/2
   377 | D:1      | You fall through a shaft!
   934 | D:1      | Gained mutation: You are partially covered in large bone plates. (SH +4) [demonic ancestry]
   934 | D:1      | Reached XP level 3. HP: 29/29 MP: 3/3
  1701 | D:2      | Found a faded altar of an unknown god.
  1888 | D:2      | Became a worshipper of Trog the Wrathful
  1888 | D:2      | Reached * piety under Trog
  2097 | D:3      | Reached skill level 1 in Dodging
  2097 | D:3      | Reached XP level 4. HP: 34/35 MP: 4/4
  2163 | D:3      | Slain by a gnoll

Vault maps used:
D:1:      arrival_aquarium_b
D:2:      first_bread, chequers_ecumenical_altar_lobes
D:3:      due_unseen_surprise

Skill      XL: |  1  2  3 |
---------------+----------+-----
Long Blades    | 2 |  2.8
Shields        | 3 |  3.1
Armour         | 3 |  3.0
Dodging        | 1 |  1.0
Fighting       | |  3.3

Action                   |  1- 3 |  4- 6 || total
-------------------------+-------+-------++-------
Melee: Long sword        |   176 |    18 ||   194
  Use: Potion            |     2 |       ||     2
  Eat: Chunk             |     4 |       ||     4
Armor: Scale mail        |    81 |     5 ||    86
       Skin              |     3 |       ||     3
Dodge: Dodged            |    42 |    13 ||    55
Block: Shield            |   103 |    21 ||   124
       Rpst.: Long sword |     8 |     3 ||    11
